 Dungeon Crawl Stone Soup version 0.29.1-1-gd02db6906a (webtiles) character file.

Game seed: 13514329638999622092

3204 MisterFreud the Cruncher (level 10, -2/82 HPs)
             Began as a Formicid Gladiator on Sept 28, 2022.
             Slain by Prince Ribbit (6 damage)
             ... on level 7 of the Dungeon.
             The game lasted 00:09:47 (8959 turns).

MisterFreud the Cruncher (Formicid Gladiator)       Turns: 8959, Time: 00:09:48

Health: -2/82      AC: 11    Str: 21    XL:     10   Next: 17%
Magic:  10/10      EV: 12    Int:  8    God:
Gold:   408        SH:  0    Dex: 17    Spells: 9/9 levels left

rFire   . . .      SeeInvis +   a - +0 quarterstaff (freeze)
rCold   . . .      Faith    .   (no shield)
rNeg    . . .      Spirit   .   b - +0 leather armour
rPois   .          Reflect  .   (helmet unavailable)
rElec   .          Harm     .   o - +0 cloak
rCorr   .          Rampage  .   m - +2 pair of gloves
Will    +....                   l - +2 pair of boots
Stlth   +.........              (no amulet)
HPRegen 0.23/turn               (no ring)
MPRegen 0.12/turn               (no ring)

@: no status effects
A: permanent stasis, dig shafts and tunnels, antennae 3, four strong arms
a: Dig, Shaft Self


You were on level 7 of the Dungeon.
You visited 1 branch of the dungeon, and saw 10 of its levels.

You collected 408 gold pieces.

Inventory:

Hand Weapons
 a - a +0 quarterstaff of freezing (weapon)
Missiles
 c - 3 throwing nets
 d - 5 javelins
 h - 22 poisoned darts (quivered)
 w - a boomerang
 y - a curare-tipped dart
Armour
 b - a +0 leather armour (worn)
 l - a +2 pair of boots (worn)
 m - a +2 pair of gloves (worn)
 o - a +0 cloak (worn)
Jewellery
 p - a +4 ring of slaying
 t - an amulet of guardian spirit
Wands
 n - a wand of charming (13)
 r - a wand of mindburst (14)
 x - a wand of quicksilver (1)
Scrolls
 k - a scroll of amnesia
 q - a scroll of summoning
 s - a scroll of brand weapon
 u - a scroll of fear
 v - a scroll of poison
Potions
 e - 4 potions of resistance
 f - a potion of magic
 g - a potion of brilliance
 i - 2 potions of mutation
 j - 3 potions of curing


   Skills:
 + Level 8.4 Fighting
 - Level 10.0 Staves
 - Level 2.0 Throwing
 + Level 7.0 Armour
 - Level 2.6 Dodging


You had 9 spell levels left.
You didn't know any spells.
Your spell library contained the following spells:

 Spells                   Type           Power      Damage    Failure   Level
 Summon Forest            Summ/Tloc      0%         N/A       100%        5
 Summon Mana Viper        Hex/Summ       0%         N/A       100%        5
 Summon Cactus Giant      Summ           0%         N/A       100%        6


Dungeon Overview and Level Annotations

Branches:
Dungeon (10/15)
 Temple: D:4-7         Lair: D:8-11         Orc: D:9-12

Altars:
Cheibriados
Dithmenos
Fedhas
Gozag
Wu Jian
Zin

Shops:
D:3 *

Annotations:
D:7 Prince Ribbit


Innate Abilities, Weirdness & Mutations

You cannot be hasted, slowed, berserked, paralysed or teleported.
You can dig through walls and to a lower floor.
You have a pair of large antennae on your head. (SInv)
Your four strong arms can wield two-handed weapons with a shield.


Message History

You closely miss Prince Ribbit.
Prince Ribbit blinks!
The gnoll bouda gazes fiercely through you!
You feel as though you will be weak longer.
The gnoll attacks as you move away! The gnoll hits you with a +0 whip.
The gnoll throws a throwing net.
The throwing net closely misses you.
The gnoll bouda barks out a call to the hunt!
The gnolls pick up the pace!
You see here a throwing net.
Prince Ribbit attacks as you move away! Prince Ribbit hits you!
Prince Ribbit blinks!
The gnoll misses you.
A gnoll comes into view. It is wielding a +0 spear.
The gnoll attacks as you move away! The gnoll hits you with a +0 club.
Your attacks no longer feel as feeble.
The gnoll bouda gazes fiercely through you!
You feel your attacks grow feeble. The gnoll attacks as you move away!
The gnoll hits you but does no damage. The gnoll hits you with a +0 club.
The gnoll attacks as you move away! The gnoll hits you but does no damage.
The gnoll attacks as you move away! The gnoll barely misses you.
Prince Ribbit attacks as you move away! Prince Ribbit barely misses you.
Prince Ribbit blinks!
The gnoll barely misses you. The gnoll attacks as you move away!
The gnoll hits you with a +0 club.
Prince Ribbit catches a baby bat with his tongue.
The gnoll misses you. The gnoll attacks as you move away!
The gnoll hits you but does no damage.
Your attacks no longer feel as feeble.
Prince Ribbit blinks!
You barely miss Prince Ribbit. Prince Ribbit hits you.
You barely miss Prince Ribbit. Prince Ribbit hits you!
* * * LOW HITPOINT WARNING * * *
Prince Ribbit hits you!
* * * LOW HITPOINT WARNING * * *
You closely miss Prince Ribbit. Prince Ribbit hits you.
* * * LOW HITPOINT WARNING * * *
The gnoll shouts!
You sock Prince Ribbit! You freeze Prince Ribbit.
Prince Ribbit is moderately wounded.
Prince Ribbit hits you.
You die...

##........#
#..#....#
#.g{....#
#..#..# .
#...##..#
##....##.
##.###.##
#†......
##..#..# {
{ ##.#...#
###..gg.#
#...#.#
#....ggg#
##..###
.....###F##
#...##
...... #@#
##.##.
.##... #.#{
#.##. ###
..+ ##..#
...# ####
.....
......
.......
#########


You could see Prince Ribbit, a gnoll bouda and 5 gnolls.

Vanquished Creatures
  A two-headed ogre (D:8)
  Pikel (D:6)
  Grinder (D:5)
  2 water moccasins
  An orc warrior (D:10)
  3 ogres
  A centaur (D:10)
  4 lemures (D:6)
  2 kobold brigands
  3 scorpions
  3 wights (D:9)
  3 howler monkeys
  4 hounds
  A jelly (D:5)
  4 orc priests
  5 iguanas
  4 orc wizards
  10 gnolls
  9 adders
  2 white imps
  A worm (D:4)
  2 dart slugs
  13 orcs
  2 ball pythons
  5 bats
  4 endoplasms
  4 giant cockroaches
  2 goblins
  7 hobgoblins
  14 jackals
  4 quokkas
  2 frilled lizards
  16 kobolds
  4 rats
144 creatures vanquished.

Vanquished Creatures (others)
  2 kobolds (D:9)
2 creatures vanquished.

Grand Total: 146 creatures vanquished

Notes
Turn   | Place    | Note
-------+----------+-------------------------------------------
     0 | D:1      | MisterFreud the Formicid Gladiator began the quest for the
                  | Orb.
     0 | D:1      | Reached XP level 1. HP: 16/16 MP: 1/1
   175 | D:1      | Found a faded altar of an unknown god.
   382 | D:1      | Reached XP level 2. HP: 22/22 MP: 2/2
   895 | D:1      | Reached skill level 4 in Staves
   895 | D:1      | Reached XP level 3. HP: 14/23 MP: 3/3
  1580 | D:2      | Reached XP level 4. HP: 26/33 MP: 4/4
  2348 | D:3      | Reached skill level 5 in Staves
  2394 | D:3      | Reached skill level 1 in Armour
  2401 | D:3      | Reached XP level 5. HP: 18/38 MP: 5/5
  2566 | D:3      | Found Piniutat's Assorted Antiques.
  2671 | D:3      | Found a snail-covered altar of Cheibriados.
  3362 | D:3      | Found an opulent altar of Gozag.
  3420 | D:3      | Identified the +1 chain mail of the Villain {Int+3}
  3648 | D:4      | Found a blossoming altar of Fedhas.
  3741 | D:4      | Reached XP level 6. HP: 41/44 MP: 6/6
  4020 | D:4      | Found a shadowy altar of Dithmenos.
  4153 | D:4      | Found an ornate altar of the Wu Jian Council.
  4210 | D:5      | Entered Level 5 of the Dungeon
  4242 | D:5      | Reached skill level 6 in Staves
  4414 | D:5      | Reached XP level 7. HP: 51/51 MP: 7/7
  4851 | D:5      | Reached skill level 5 in Fighting
  5037 | D:5      | Noticed Grinder
  5049 | D:5      | Killed Grinder
  5050 | D:5      | Reached XP level 8. HP: 53/64 MP: 8/8
  5600 | D:6      | Reached skill level 7 in Staves
  6056 | D:6      | Noticed Pikel
  6244 | D:6      | Reached skill level 8 in Staves
  6312 | D:6      | Killed Pikel
  6313 | D:6      | Reached skill level 9 in Staves
  6313 | D:6      | Reached XP level 9. HP: 62/69 MP: 9/9
  6385 | D:6      | Reached skill level 10 in Staves
  6931 | D:6      | Identified the +7 spear of Iqiaq {vorpal, rN+ Will+ Stlth+}
  7203 | D:7      | Noticed a kobold demonologist
  7206 | D:7      | Identified the amulet "Guegapn" {rC+ Regen+ Int-2 SInv}
  7206 | D:7      | Noticed a skeletal warrior
  7219 | D:7      | You are sucked into a shaft and drop 3 floors!
  7219 | D:10     | Entered Level 10 of the Dungeon
  7540 | D:10     | Reached skill level 5 in Armour
  7592 | D:10     | Identified the +10 shortbow of Nikuowoq {speed, Dex+3}
  7881 | D:10     | Found a glowing silver altar of Zin.
  8136 | D:9      | You fall into a shaft and drop 1 floor!
  8869 | D:8      | Noticed a two-headed ogre
  8878 | D:8      | Killed a two-headed ogre
  8879 | D:8      | Reached XP level 10. HP: 43/82 MP: 10/10
  8938 | D:7      | Noticed Prince Ribbit
  8958 | D:7      | HP: 4/82 [Prince Ribbit (2)]
  8959 | D:7      | Slain by Prince Ribbit

Illustrated notes

Levels and vault maps discovered:
D:1:      psy_arrival_radial02, layout_basic,
          shapermc_ecumenical_altar_flowoftime
D:2:      layout_basic
D:3:      layout_loops_ring, mainiacjoe_overflow_tiny_flanked,
          grunt_gozag_statues, serial_shops, shop
D:4:      cheibrodos_thug_alley, layout_basic,
          lemuel_zombie_altar_kikubaaqudgha, fedhas_altar_4, tgw_sif,
          mainiacjoe_overflow_catwalk, marbit_many_paths
D:5:      layout_gridville, uniq_grinder
D:6:      layout_loops_ring, uniq_pikel
D:7:      minmay_the_grid_triangle_9x9_rhombus_full
          [minmay_the_grid_triangle_9x9_zippers_horizontal,
          minmay_the_grid_triangle_9x9_corrupted_corridor,
          minmay_the_grid_triangle_9x9_dagger,
          minmay_the_grid_triangle_9x9_swiss_cheese,
          minmay_the_grid_triangle_9x9_semitri,
          minmay_the_grid_triangle_9x9_shrine,
          minmay_the_grid_triangle_9x9_descending_squares,
          minmay_the_grid_triangle_9x9_prize_special], layout_layer_cave,
          nicolae_ru_great_annihilating_truth, mainiacjoe_overflow_brackets,
          minmay_three_doors, uniq_menkaure, uniq_prince_ribbit1
D:8:      layout_cave_pods, mainiacjoe_overflow_alcove_4, enter_bailey_3,
          uniq_psyche
D:9:      layout_basic
D:10:     layout_roguey, vehumet_altar_wand_db, lightli_temple_of_fire,
          lemuel_tele_altar, david_lair_shrubbed

Skill      XL: |  1  2  3  4  5  6  7  8  9 |
---------------+----------------------------+-----
Staves         | 4 5 6 9 10 | 10.0
Armour         | 1 2 4 7 |  7.0
Fighting       | 6 8 |  8.4
Throwing       | |  2.0
Dodging        | |  2.6

Action                   |  1- 3 |  4- 6 |  7- 9 | 10-12 || total
-------------------------+-------+-------+-------+-------++-------
Melee: Quarterstaff      |    64 |   177 |   310 |     7 ||   558
       Punch             |     1 |       |     5 |       ||     6
Throw: Dart              |       |       |     4 |       ||     4
 Abil: Dig               |     1 |       |       |       ||     1
       Shaft Self        |       |       |     2 |       ||     2
  Use: Scroll            |       |    10 |     9 |       ||    19
       Potion            |       |     2 |     2 |       ||     4
 Stab: Sleeping          |     2 |       |     1 |       ||     3
Armor: Leather armour    |    14 |    77 |   104 |     3 ||   198
Dodge: Dodged            |    40 |   123 |   141 |    10 ||   314
